 Dungeon Crawl Stone Soup version 0.28-a0-863-g8cecda6153 (webtiles) character file.

Game seed: 8739430325780490420

1 freelancePsychic the Stinger (level 1, 0/13 HPs)
             Began as a Gnoll Wanderer on Nov 17, 2021.
             Slain by an endoplasm (1 damage)
             ... on level 1 of the Dungeon.
             The game lasted 00:00:37 (41 turns).

freelancePsychic the Stinger (Gnoll Wanderer)         Turns: 41, Time: 00:00:38

Health: 0/13       AC:  2    Str: 13    XL:     1   Next: 20%
Magic:  4/4        EV: 11    Int:  7    God:
Gold:   0          SH:  0    Dex: 13    Spells: 5/5 levels left

rFire   . . .      SeeInvis .   a - +0 club
rCold   . . .      Faith    .   (no shield)
rNeg    . . .      Spirit   .   b - +0 robe
rPois   .          Reflect  .   (no helmet)
rElec   .          Harm     .   (no cloak)
rCorr   .          Rampage  .   (no gloves)
Will    .....                   (no boots)
Stlth   ++........              (no amulet)
HPRegen 0.04/turn               (no ring)
MPRegen 0.09/turn               (no ring)

@: no status effects
A: fangs 1, strong nose, distributed training
a: no special abilities


You were on level 1 of the Dungeon.
You visited 1 branch of the dungeon, and saw 1 of its levels.

Inventory:

Hand Weapons
 a - a +0 club (weapon)
 d - a +0 dagger
Armour
 b - a +0 robe (worn)
Potions
 c - a potion of lignification


   Skills:
 + Level 0.0 Fighting
 + Level 0.0 Short Blades
 + Level 0.0 Long Blades
 + Level 0.0 Axes
 + Level 0.0 Maces & Flails
 + Level 0.0 Polearms
 + Level 0.0 Staves
 + Level 0.0 Slings
 + Level 0.0 Bows
 + Level 0.0 Crossbows
 + Level 0.0 Throwing
 + Level 0.0 Armour
 + Level 0.0 Dodging
 + Level 4.0 Stealth
 + Level 0.0 Shields
 + Level 0.0 Unarmed Combat
 + Level 2.6 Spellcasting
 + Level 0.0 Conjurations
 + Level 0.0 Hexes
 + Level 0.0 Summonings
 + Level 0.0 Necromancy
 + Level 5.3 Translocations
 + Level 0.0 Transmutations
 + Level 0.0 Fire Magic
 + Level 0.0 Ice Magic
 + Level 0.0 Air Magic
 + Level 0.0 Earth Magic
 + Level 7.0 Poison Magic
 + Level 0.0 Invocations
 + Level 0.0 Evocations


You had 5 spell levels left.
You didn't know any spells.
Your spell library contained the following spells:

 Spells                   Type           Power      Damage    Failure   Level
 Blink                    Tloc           16%        N/A       6%          2
 Gell's Gravitas          Tloc           8%         N/A       12%         3
 Lesser Beckoning         Tloc           8%         N/A       12%         3
 Teleport Other           Tloc           8%         N/A       12%         3
 Manifold Assault         Tloc           8%         N/A       75%         5


Dungeon Overview and Level Annotations

Branches:
Dungeon (1/15)

Altars:


Innate Abilities, Weirdness & Mutations

You have very sharp teeth.
Your uncanny sense of smell can sniff out nearby items.
Your experience applies equally to all skills.


Message History

The endoplasm barely misses you.
You hit the endoplasm.
The endoplasm is severely wounded.
The endoplasm closely misses you.
You hit the endoplasm.
The endoplasm is almost dead.
The endoplasm freezes you.
You are frozen.
The endoplasm barely misses you.
You are too injured to fight recklessly!
You are too injured to fight recklessly!
You are too injured to fight recklessly!
You are too injured to fight recklessly!
You are too injured to fight recklessly!
You are too injured to fight recklessly!
You are too injured to fight recklessly!
You are too injured to fight recklessly!
You are too injured to fight recklessly!
You are too injured to fight recklessly!
You are too injured to fight recklessly!
You are too injured to fight recklessly!
You are too injured to fight recklessly!
You are too injured to fight recklessly!
You are too injured to fight recklessly!
You are too injured to fight recklessly!
You are too injured to fight recklessly!
You are too injured to fight recklessly!
You are too injured to fight recklessly!
You are too injured to fight recklessly!
You are too injured to fight recklessly!
You hit the endoplasm.
You kill the endoplasm!
The endoplasm freezes you.
You are frozen.
* * * LOW HITPOINT WARNING * * *
You hit the endoplasm but do no damage. The endoplasm hits you.
* * * LOW HITPOINT WARNING * * *
You hit the endoplasm.
The endoplasm is heavily wounded.
The endoplasm hits you.
You die...

####.######
####.........#
..[..........#
...)...).....#
.............#
.#.............#
.... #'# ... #J#
... #@#
#.######.#
#.#8.#.#.#
#.#'#..#.#
#..'#.<#.#
#.#'#..#.#
#.#8.#.#.#
#.######.#
#........#


You could see an endoplasm.

Vanquished Creatures
  An endoplasm (D:1)
1 creature vanquished.

Notes
Turn   | Place    | Note
-------+----------+-------------------------------------------
     0 | D:1      | freelancePsychic the Gnoll Wanderer began the quest for the
                  | Orb.
     0 | D:1      | freelancePsychic set off with the following items: a +0
                  | club, a +0 robe, a potion of lignification, a +0 dagger;
                  | and the following spells available to memorise: Blink,
                  | Gell's Gravitas, Lesser Beckoning, Teleport Other, Manifold
                  | Assault
     0 | D:1      | Reached XP level 1. HP: 13/13 MP: 4/4
    41 | D:1      | Slain by an endoplasm

Illustrated notes

Levels and vault maps discovered:
D:1:      saegor_arrival_simple_c, layout_basic

Action                   || total
-------------------------++-------
Melee: Club              ||     6
       Bite              ||     1
Dodge: Dodged            ||     3

Table legend: (Time is in decaauts)
 A = Elapsed time spent in this place.
 B = Non-inter-level travel time spent in this place.
 C = Inter-level travel time spent in this place.
 D = Time resting spent in this place.
 E = Time spent auto-exploring this place.
 F = Levels seen in this place.
 G = Mean time per level.
                   A        B        C        D        E       F      G
               +--------+--------+--------+--------+--------+-----+--------+
         Total |     42 |     42 |      0 |      0 |     28 |   1 |   42.0 |
       Dungeon |     42 |     42 |      0 |      0 |     28 |   1 |   42.0 |
               +--------+--------+--------+--------+--------+-----+--------+

Top non-repeatable levels by time:
     D:1: 42 daAuts
